 Dungeon Sprint DCSS version 0.24-a0-41-gf098211c9e (webtiles) character file.

Game seed: 13109565855892926506

940 Denreik the Magician (level 8, -4/91 (96) HPs)
             Began as a Gnoll Air Elementalist on Feb 3, 2019.
             Slain by a polar bear (6 damage)
             ... in the Dungeon (Sprint II: "The Violet Keep of Menkaure").
             The game lasted 00:18:55 (1282 turns).

Denreik the Magician (Gnoll Air Elementalist)       Turns: 1282, Time: 00:18:56

HP:   -4/91 (96)    AC: 11    Str: 15    XL:     8   Next: 12%
MP:   19/19         EV:  8    Int: 20    God:
Gold: 128           SH:  0    Dex: 16    Spells: 9/22 levels left

rFire    . . .     SeeInvis .   b - +0 trident
rCold    . . .     Gourm    .   (no shield)
rNeg     . . .     Faith    .   l - -1 plate armour (curse)
rPois    .         Spirit   .   (no helmet)
rElec    .         Reflect  .   (no cloak)
rCorr    .         Harm     .   (no gloves)
MR       .....     NoTele   +   (no boots)
Stlth    ..........             (no amulet)
HPRegen  0.25/turn              (no ring)
MPRegen  0.16/turn              (no ring)

@: berserking, very slightly contaminated, very quick
A: distributed training, fangs 1, strong nose
a: no special abilities


You were in the Dungeon.
You were hungry.

You visited 1 branch You collected 972 gold pieces.
You spent 844 gold pieces at shops.

Inventory:

Hand Weapons
 b - a +0 trident (weapon)
Armour
 a - a +0 robe
 l - a cursed -1 plate armour (worn)
Scrolls
 i - a scroll of blinking
Potions
 d - a potion of curing
 e - a potion of heal wounds
 f - a potion of haste
 g - 2 potions of magic
Comestibles
 c - a ration


   Skills:
 + Level 6.0 Fighting
 + Level 6.0 Short Blades
 + Level 6.0 Long Blades
 + Level 6.0 Axes
 + Level 6.0 Maces & Flails
 + Level 6.0 Polearms
 + Level 6.0 Staves
 + Level 6.0 Slings
 + Level 6.0 Bows
 + Level 6.0 Crossbows
 + Level 6.0 Throwing
 + Level 6.0 Armour
 + Level 7.7 Dodging
 + Level 7.4 Stealth
 + Level 6.0 Shields
 + Level 6.0 Unarmed Combat
 + Level 7.9 Spellcasting
 + Level 5.5 Conjurations
 + Level 5.0 Hexes
 + Level 5.0 Charms
 + Level 5.0 Summonings
 + Level 5.0 Necromancy
 + Level 5.0 Translocations
 + Level 5.0 Transmutations
 + Level 5.0 Fire Magic
 + Level 5.0 Ice Magic
 + Level 7.5 Air Magic
 + Level 5.0 Earth Magic
 + Level 5.0 Poison Magic
 + Level 6.6 Invocations
 + Level 6.0 Evocations


You had 9 spell levels left.
You knew the following spells:

 Your Spells              Type           Power        Failure   Level  Hunger
a - Shock                 Conj/Air       ####         32%         1    None
b - Airstrike             Air            #####.....   91%         4    ###....
c - Swiftness             Chrm/Air       ####....     50%         2    None
d - Static Discharge      Conj/Air       ####....     69%         3    None
e - Confuse               Hex            ####....     88%         3    None

Your spell library contained the following spells:

 Spells                   Type           Power        Failure   Level  Hunger
 Confusing Touch          Hex            ####..       52%         1    None
 Gell's Gravitas          Tloc           ####......   88%         3    None
 Petrify                  Tmut/Erth      ####....     99%         4    ###....
 Lightning Bolt           Conj/Air       ####......   100%        5    #####..
 Metabolic Englaciation   Hex/Ice        ####......   100%        5    #####..
 Yara's Violent Unravell  Hex/Tmut       ####......   100%        5    #####..


Dungeon Overview and Level Annotations

Branches:
Dungeon (1/1)

Altars:
Cheibriados
Dithmenos
Elyvilon
Fedhas
Gozag
Hepliaklqana
Kikubaaqudgha
Makhleb
Nemelex Xobeh
Okawaru
Ru
Sif Muna
Trog
Uskayaw
Vehumet
Xom
Yredelemnul
Zin
Beogh
Jiyva
Lugonu

Shops:
D ?:[*[}%!:?([!=*=

Annotations:
D exclusion: oklob plant, Roxanne


Innate Abilities, Weirdness & Mutations

Your experience applies equally to all skills.
You have very sharp teeth.
Your uncanny sense of smell can sniff out nearby items.


Message History

The polar bear bites you!
* * * LOW HITPOINT WARNING * * *
The polar bear barely misses you.
The polar bear claws you but does no damage.
Your plate armour prevents you from hitting the polar bear.
Your bite misses the polar bear.
The polar bear is heavily wounded.
The polar bear completely misses you. The polar bear claws you.
* * * LOW HITPOINT WARNING * * *
The polar bear closely misses you.
You puncture the polar bear! You bite the polar bear.
The polar bear is severely wounded.
You closely miss the polar bear.
You bite the polar bear, but do no damage.
The polar bear is severely wounded.
The polar bear goes berserk!
You hit the polar bear.
The polar bear is severely wounded.
The polar bear barely misses you. The polar bear claws you.
You die...

############≈≈#++
###########≈≈≈... ∆
##∩.∩.....#≈≈≈≈.##+##.. ∆∆
##.∩.∩....#≈≈≈≈##.#.##.#### ∆ .##
##..∩.∩...#≈≈≈≈#..#..# ...#∆ ...
##...∩.∩..#≈≈#####.#####..## #..
##....∩.⌠.#≈##.# #'###.##..# +^.
##...∩.∩..#≈###.##h##...#..# ∆#..
##..∩.∩...'≈'.##@hh.'##.'..### ..
##.∩.∩....#≈#...##.##...#....###.
#▓▓▓▓▓▓▓###≈##.###'###.##....hh≈≈
##?ZD######≈≈####...####≈≈.....≈#
#)$Z#.$ ##≈≈≈#..#..#≈≈≈≈≈≈≈..≈#
#∩P?+$?#+ #'#≈##...##≈≈§≈≈≈≈≈.≈#
#[$.#$##.##.#≈≈##+##≈§≈≈§§≈§§≈≈#
#!.(###..°####≈≈≈≈≈≈≈≈≈≈§≈≈§≈§≈#
##+###○○.° ∆#+++#+++#≈§§≈§§§≈≈#


You could see 3 polar bears.

Vanquished Creatures
  A merfolk siren (D)
  Menkaure (D)
  4 necrophages (D)
  A hell rat (D)
  4 worker ants (D)
  3 worms (D)
14 creatures vanquished.

Vanquished Creatures (others)
  A crocodile (D)
1 creature vanquished.

Grand Total: 15 creatures vanquished

Notes
Turn   | Place    | Note
-------+----------+-------------------------------------------
     0 | D        | Denreik the Gnoll Air Elementalist began the quest for the
                  | Orb.
     0 | D        | Reached XP level 1. HP: 13/13 MP: 6/6
     4 | D        | Reached skill level 5 in Spellcasting
   209 | D        | Reached skill level 1 in Fighting
   209 | D        | Reached skill level 1 in Short Blades
   209 | D        | Reached skill level 1 in Long Blades
   209 | D        | Reached skill level 1 in Axes
   209 | D        | Reached skill level 1 in Maces & Flails
   209 | D        | Reached skill level 1 in Polearms
   209 | D        | Reached skill level 1 in Staves
   209 | D        | Reached skill level 1 in Slings
   209 | D        | Reached skill level 1 in Bows
   209 | D        | Reached skill level 1 in Crossbows
   209 | D        | Reached skill level 1 in Throwing
   209 | D        | Reached skill level 1 in Armour
   209 | D        | Reached skill level 1 in Shields
   209 | D        | Reached skill level 1 in Unarmed Combat
   209 | D        | Reached skill level 1 in Invocations
   209 | D        | Reached skill level 1 in Evocations
   209 | D        | Reached XP level 2. HP: 8/21 MP: 4/8
   269 | D        | Killed a crocodile
   398 | D        | Reached skill level 1 in Hexes
   398 | D        | Reached skill level 1 in Charms
   398 | D        | Reached skill level 1 in Summonings
   398 | D        | Reached skill level 1 in Necromancy
   398 | D        | Reached skill level 1 in Translocations
   398 | D        | Reached skill level 1 in Transmutations
   398 | D        | Reached skill level 1 in Fire Magic
   398 | D        | Reached skill level 1 in Ice Magic
   398 | D        | Reached skill level 1 in Earth Magic
   398 | D        | Reached skill level 1 in Poison Magic
   423 | D        | Noticed a merfolk siren
   426 | D        | Noticed a necrophage
   426 | D        | Noticed a necrophage
   426 | D        | Noticed a necrophage
   426 | D        | Noticed a necrophage
   434 | D        | Killed a necrophage
   434 | D        | Reached skill level 5 in Dodging
   434 | D        | Reached skill level 5 in Stealth
   434 | D        | Reached XP level 3. HP: 28/28 MP: 2/10
   434 | D        | Reached XP level 4. HP: 34/34 MP: 2/11
   436 | D        | Killed a necrophage
   436 | D        | Reached XP level 5. HP: 41/41 MP: 0/13
   540 | D        | Killed a necrophage
   540 | D        | Reached XP level 6. HP: 47/47 MP: 9/15
   592 | D        | Killed a necrophage
   592 | D        | Reached skill level 5 in Invocations
   798 | D        | Learned a level 4 spell: Airstrike
   801 | D        | Found Dextass's Jewellery Shop.
   801 | D        | Found Xutaf's Distillery.
   801 | D        | Found Pophof's General Store.
   801 | D        | Found Uhusihoo's Antique Armour Shop.
   802 | D        | Found Weczukuw's Antique Weapon Shop.
   802 | D        | Found Wyutz's Magic Scroll Boutique.
   802 | D        | Found Foah's Book Shop.
   802 | D        | Found Byon's Distillery.
   803 | D        | Found Sepigoan's Gadget Boutique.
   803 | D        | Found Feishrim's Antique Armour Shop.
   804 | D        | Found Deonov's Jewellery Shop.
   804 | D        | Found Xasoh's Food Boutique.
   805 | D        | Found Nopiotit's General Store.
   805 | D        | Found Lodobo's Antique Armour Shop.
   805 | D        | Noticed Menkaure
   805 | D        | Noticed a fire dragon
   805 | D        | Noticed an oklob plant
   809 | D        | Killed Menkaure
   809 | D        | Reached skill level 5 in Fighting
   809 | D        | Reached skill level 5 in Short Blades
   809 | D        | Reached skill level 5 in Long Blades
   809 | D        | Reached skill level 5 in Axes
   809 | D        | Reached skill level 5 in Maces & Flails
   809 | D        | Reached skill level 5 in Polearms
   809 | D        | Reached skill level 5 in Staves
   809 | D        | Reached skill level 5 in Slings
   809 | D        | Reached skill level 5 in Bows
   809 | D        | Reached skill level 5 in Crossbows
   809 | D        | Reached skill level 5 in Throwing
   809 | D        | Reached skill level 5 in Armour
   809 | D        | Reached skill level 5 in Shields
   809 | D        | Reached skill level 5 in Unarmed Combat
   809 | D        | Reached skill level 5 in Evocations
   809 | D        | Reached XP level 7. HP: 46/53 MP: 2/17
   810 | D        | Found Ziodgh's Magic Scroll Boutique.
   810 | D        | Found Edesitz's Book Shoppe.
   849 | D        | Noticed an iron elemental
   914 | D        | Learned a level 2 spell: Swiftness
   918 | D        | Learned a level 3 spell: Static Discharge
   939 | D        | Killed a merfolk siren
   939 | D        | Reached skill level 5 in Conjurations
  1028 | D        | Reached XP level 8. HP: 61/61 MP: 15/19
  1071 | D        | Reached skill level 5 in Hexes
  1071 | D        | Reached skill level 5 in Charms
  1071 | D        | Reached skill level 5 in Summonings
  1071 | D        | Reached skill level 5 in Necromancy
  1071 | D        | Reached skill level 5 in Translocations
  1071 | D        | Reached skill level 5 in Transmutations
  1071 | D        | Reached skill level 5 in Fire Magic
  1071 | D        | Reached skill level 5 in Ice Magic
  1071 | D        | Reached skill level 5 in Earth Magic
  1071 | D        | Reached skill level 5 in Poison Magic
  1155 | D        | Bought a glowing plate armour for 624 gold pieces
  1181 | D        | Noticed Roxanne
  1209 | D        | Bought a book of Misfortune for 220 gold pieces
  1213 | D        | Learned a level 3 spell: Confuse
  1234 | D        | Found an opulent altar of Gozag.
  1235 | D        | Found a blossoming altar of Fedhas.
  1235 | D        | Found a sparkling altar of Nemelex Xobeh.
  1236 | D        | Found a white marble altar of Elyvilon.
  1236 | D        | Found a burning altar of Makhleb.
  1237 | D        | Found a shadowy altar of Dithmenos.
  1237 | D        | Found a corrupted altar of Lugonu.
  1238 | D        | Found a snail-covered altar of Cheibriados.
  1238 | D        | Found an ancient bone altar of Kikubaaqudgha.
  1238 | D        | Found a bloodstained altar of Trog.
  1239 | D        | Found a roughly hewn altar of Beogh.
  1239 | D        | Found a viscous altar of Jiyva.
  1239 | D        | Found a deep blue altar of Sif Muna.
  1240 | D        | Found a hazy altar of Hepliaklqana.
  1240 | D        | Found a sacrificial altar of Ru.
  1241 | D        | Found a shimmering altar of Xom.
  1242 | D        | Found a hide-covered altar of Uskayaw.
  1242 | D        | Found a basalt altar of Yredelemnul.
  1243 | D        | Found an iron altar of Okawaru.
  1243 | D        | Found a radiant altar of Vehumet.
  1243 | D        | Found a glowing silver altar of Zin.
  1243 | D        | Noticed a polar bear
  1243 | D        | Noticed a polar bear
  1243 | D        | Noticed a polar bear
  1278 | D        | HP: 3/91 [polar bear (9)]
  1282 | D        | Slain by a polar bear

Vault maps used:
D:        the_violet_keep_of_menkaure

Skill      XL: |  1  2  3  4  5  6  7  8 |
---------------+-------------------------+-----
Spellcasting   | 5 6 7 |  7.9
Conjurations   | 2 3 4 5 |  5.5
Fighting       | 1 2 3 4 5 6 |  6.0
Short Blades   | 1 2 3 4 5 6 |  6.0
Long Blades    | 1 2 3 4 5 6 |  6.0
Axes           | 1 2 3 4 5 6 |  6.0
Maces & Flails | 1 2 3 4 5 6 |  6.0
Polearms       | 1 2 3 4 5 6 |  6.0
Staves         | 1 2 3 4 5 6 |  6.0
Slings         | 1 2 3 4 5 6 |  6.0
Bows           | 1 2 3 4 5 6 |  6.0
Crossbows      | 1 2 3 4 5 6 |  6.0
Throwing       | 1 2 3 4 5 6 |  6.0
Armour         | 1 2 3 4 5 6 |  6.0
Shields        | 1 2 3 4 5 6 |  6.0
Unarmed Combat | 1 2 3 4 5 6 |  6.0
Invocations    | 1 3 4 5 6 |  6.6
Evocations     | 1 2 3 4 5 6 |  6.0
Hexes          | 2 3 4 5 |  5.0
Charms         | 2 3 4 5 |  5.0
Summonings     | 2 3 4 5 |  5.0
Necromancy     | 2 3 4 5 |  5.0
Translocations | 2 3 4 5 |  5.0
Transmutations | 2 3 4 5 |  5.0
Fire Magic     | 2 3 4 5 |  5.0
Ice Magic      | 2 3 4 5 |  5.0
Earth Magic    | 2 3 4 5 |  5.0
Poison Magic   | 2 3 4 5 |  5.0
Dodging        | 5 6 7 |  7.7
Stealth        | 5 6 7 |  7.4
Air Magic      | 6 7 |  7.5

Action                   |  1- 3 |  4- 6 |  7- 9 || total
-------------------------+-------+-------+-------++-------
Melee: Unarmed           |     3 |       |       ||     3
       Trident           |       |       |    20 ||    20
       Bite              |       |       |     3 ||     3
       Punch             |       |       |     1 ||     1
 Cast: Shock             |    17 |    13 |    26 ||    56
       Airstrike         |       |     2 |     1 ||     3
  Use: Scroll            |       |       |     1 ||     1
       Potion            |       |       |     1 ||     1
  Eat: Chunk             |       |       |     1 ||     1
Armor: Robe              |     1 |       |     1 ||     2
       Plate armour      |       |       |    23 ||    23
Dodge: Dodged            |     8 |     2 |    23 ||    33

Table legend:
 A = Non-vault XP
 B = Vault XP
 C = Vault XP percentage of total XP
 D = Non-vault monster count
 E = Vault monster count
 F = Vault count percentage of total count
                 A         B        C        D         E       F
            +---------+---------+-------+---------+---------+-------
      Total |       0 |    1344 | 100.0 |       0 |      14 | 100.0
            +---------+---------+-------+---------+---------+-------
          D |       0 |    1344 | 100.0 |       0 |      14 | 100.0
            +---------+---------+-------+---------+---------+-------
